 Dungeon Sprint DCSS version 0.29-a0-620-g13ace881f2 (webtiles) character file.

Game seed: 12564691161419844271

394 rocky1 the Grappler (level 6, -9/48 HPs)
             Began as a Draconian Transmuter on June 19, 2022.
             Was an Elder of Sif Muna.
             Killed from afar by a lindwurm (33 damage)
             ... with a blast of flame
             ... in the Dungeon (Sprint VII: "The Pits").
             The game lasted 00:03:13 (884 turns).

rocky1 the Grappler (Draconian Transmuter)           Turns: 884, Time: 00:03:13

Health: -9/48      AC:  6    Str: 12    XL:     6   Next: 51%
Magic:  14/15      EV: 12    Int: 16    God:    Sif Muna [****..]
Gold:   0          SH:  0    Dex: 11    Spells: 7/17 levels left

rFire   . . .      SeeInvis .     - Unarmed
rCold   . . .      Faith    .   (no shield)
rNeg    . . .      Spirit   .   (body armour unavailable)
rPois   .          Reflect  .   (helmet currently unavailable)
rElec   .          Harm     .   (no cloak)
rCorr   .          Rampage  .   (no gloves)
Will    .....      NoTele   +   (boots currently unavailable)
Stlth   +.........              (no amulet)
HPRegen 0.16/turn               (no ring)
MPRegen 0.14/turn               (no ring)

@: appendages
A: horns 2, talons 2, AC +6, unfitting armour, cold-blooded
a: End Transformation, Renounce Religion, Channel Magic, Forget Spell, Divine
Exegesis


You were in the Dungeon.
You worshipped Sif Muna.
Sif Muna was greatly pleased with you.
You had temporarily grown beastly horns and talons.
You visited 1 branch

Inventory:

Hand Weapons
 k - a +1 vampiric short sword
Scrolls
 g - a scroll of blinking
 i - 5 scrolls of amnesia
 j - a scroll of summoning
Potions
 a - a potion of lignification
 b - 6 potions of curing
 c - 5 potions of heal wounds
 d - a potion of haste
 e - 4 potions of magic
 f - 3 potions of berserk rage
 h - 2 potions of invisibility


   Skills:
 + Level 2.0 Fighting
 + Level 2.3 Dodging
 * Level 9.8 Unarmed Combat
 + Level 6.2 Spellcasting
 + Level 6.8 Transmutations
 + Level 4.9 Invocations


You had 7 spell levels left.
You knew the following spells:

 Your Spells              Type           Power      Damage    Failure   Level
a - Beastly Appendage     Tmut           52%        N/A       1%          1
b - Wereblood             Tmut           26%        N/A       1%          2
c - Spider Form           Tmut/Pois      15%        N/A       10%         3
d - Ice Form              Ice/Tmut       15%        N/A       32%         4

Your spell library contained the following spells:

 Spells                   Type           Power      Damage    Failure   Level


Dungeon Overview and Level Annotations

Branches:
Dungeon (1/1)

Altars:
Ashenzari
Cheibriados
Dithmenos
Elyvilon
Fedhas
Gozag
Hepliaklqana
Kikubaaqudgha
Makhleb
Nemelex Xobeh
Okawaru
Qazlal
Ru
Sif Muna
Trog
Uskayaw
Vehumet
Wu Jian
Xom
Yredelemnul
Zin
The Shining One
Beogh
Jiyva
Lugonu


Innate Abilities, Weirdness & Mutations

You have temporarily grown beastly horns and talons.
Your plain brown scales are hard. (AC +6)
You cannot fit into any form of body armour.
You are cold-blooded and may be slowed by cold attacks.


Message History

You tail-slap the scorpion, but do no damage.
The scorpion is severely wounded.
You feel very sick. The scorpion barely misses you.
You hit the scorpion. You claw the scorpion.
You kill the scorpion!
Sif Muna accepts your kill.
You feel very sick.
Your Fighting skill increases to level 2!
Your Dodging skill increases to level 2!
You feel very sick.
There is an open door here.
Unknown command.
You feel very sick.
You start resting.
You feel sick. x8
You are no longer poisoned.
You start resting.
Your transformation is almost over.
Your horns disappear.
Your talons disappear.
You start resting.
HP restored.
You start waiting.
Done waiting.
You open the door.
A lindwurm comes into view.
The lindwurm roars!
The lindwurm breathes flames at you. The blast of flame hits you!!
Casting: Beastly Appendage (safe; 1% risk of failure)
Confirm with . or Enter, or press ? or * to list all spells.
You grow a pair of large bovine horns.
Your feet morph into talons.
You punch the lindwurm! Your headbutt misses the lindwurm.
The lindwurm is moderately wounded.
The lindwurm closely misses you. x2; The lindwurm claws you.
You punch the lindwurm!
The lindwurm is moderately wounded.
The lindwurm breathes flames at you. The blast of flame hits you!!
Ouch! That really hurt!
You die...

#.#..#.)))[##.......#
#'###########.......#
#.......# #########
#.###...# #.#.....#
#[#...#.#+#
#.....#.#.+
#...###.#k#
#.......'@#
###########


You could see a lindwurm (catching breath).

Vanquished Creatures
  Grinder (D)
  2 scorpions (D)
  An orc priest (D)
  An orc wizard (D)
  A river rat (D)
  An adder skeleton (D)
  3 orcs (D)
  A ball python (D)
  A bat zombie (D)
  2 endoplasms (D)
  A giant cockroach (D)
  A hobgoblin (D)
  2 quokkas (D)
  A bat (D)
19 creatures vanquished.

Notes
Turn   | Place    | Note
-------+----------+-------------------------------------------
     0 | D        | rocky1 the Draconian Transmuter began the quest for the
                  | Orb.
     0 | D        | Reached XP level 1. HP: 16/16 MP: 3/3
    21 | D        | Found a bloodstained altar of Trog.
    21 | D        | Found a shimmering blue altar of Sif Muna.
    21 | D        | Found a viscous altar of Jiyva.
    21 | D        | Found a hazy altar of Hepliaklqana.
    21 | D        | Found an opulent altar of Gozag.
    44 | D        | Found a glowing golden altar of the Shining One.
    44 | D        | Found a glowing silver altar of Zin.
    44 | D        | Found a basalt altar of Yredelemnul.
    44 | D        | Found a shimmering altar of Xom.
    44 | D        | Found an ornate altar of the Wu Jian Council.
    44 | D        | Found a sacrificial altar of Ru.
    44 | D        | Found a stormy altar of Qazlal.
    44 | D        | Found an iron altar of Okawaru.
    44 | D        | Found a sparkling altar of Nemelex Xobeh.
    44 | D        | Found a burning altar of Makhleb.
    44 | D        | Found a blossoming altar of Fedhas.
    44 | D        | Found a white marble altar of Elyvilon.
    44 | D        | Found a shadowy altar of Dithmenos.
    44 | D        | Found a snail-covered altar of Cheibriados.
    47 | D        | Found a corrupted altar of Lugonu.
    47 | D        | Found a radiant altar of Vehumet.
    48 | D        | Found an ancient bone altar of Kikubaaqudgha.
    48 | D        | Found a hide-covered altar of Uskayaw.
    48 | D        | Found a broken altar of Ashenzari.
    49 | D        | Became a worshipper of Sif Muna the Loreminder
   198 | D        | Reached * piety under Sif Muna
   199 | D        | Reached skill level 4 in Unarmed Combat
   200 | D        | Reached XP level 2. HP: 23/23 MP: 3/5
   203 | D        | Noticed a scorpion
   212 | D        | Reached ** piety under Sif Muna
   217 | D        | Killed a scorpion
   218 | D        | Reached skill level 6 in Unarmed Combat
   218 | D        | Reached XP level 3. HP: 28/28 MP: 4/8
   218 | D        | Reached XP level 4. HP: 35/35 MP: 5/10
   367 | D        | Learned a level 2 spell: Wereblood
   389 | D        | Reached *** piety under Sif Muna
   401 | D        | Noticed Grinder
   404 | D        | Reached skill level 7 in Unarmed Combat
   404 | D        | Reached **** piety under Sif Muna
   416 | D        | Killed Grinder
   417 | D        | Reached skill level 9 in Unarmed Combat
   417 | D        | Reached skill level 5 in Spellcasting
   417 | D        | Reached XP level 5. HP: 38/40 MP: 8/13
   417 | D        | Reached XP level 6. HP: 44/47 MP: 8/14
   568 | D        | Learned a level 3 spell: Spider Form
   573 | D        | Learned a level 4 spell: Ice Form
   881 | D        | Noticed a lindwurm
   884 | D        | Killed from afar by a lindwurm

Illustrated notes

Levels and vault maps discovered:
D:        pitsprint [storerooms_1, entrance_room_1, metal_vault_5, armoury_3,
          mini_pit_1, grid_room_1, main_hall_1, silver_pit, the_coven_1,
          the_vestibule_1, steel_vault_5, golden_pit, hallway_of_sentries,
          crystal_vault_3, iron_vault_3, final_vault]

Skill      XL: |  1  2  3  4  5  6 |
---------------+-------------------+-----
Unarmed Combat | 4 6 9 |  9.8
Spellcasting   | 4 5 6 |  6.2
Transmutations | 4 6 |  6.8
Invocations    | 4 |  4.9
Fighting       | 2 |  2.0
Dodging        | 2 |  2.3

Action                   |  1- 3 |  4- 6 || total
-------------------------+-------+-------++-------
Melee: Unarmed           |    16 |    37 ||    53
       Tailslap          |     3 |     6 ||     9
       Headbutt          |     4 |     8 ||    12
       Kick              |     1 |    11 ||    12
 Cast: Beastly Appendage |     3 |     4 ||     7
       Wereblood         |       |     2 ||     2
  Use: Potion            |       |     1 ||     1
Armor: Skin              |     5 |     6 ||    11
Dodge: Dodged            |    15 |    11 ||    26

Table legend: (Time is in decaauts)
 A = Elapsed time spent in this place.
 B = Non-inter-level travel time spent in this place.
 C = Inter-level travel time spent in this place.
 D = Time resting spent in this place.
 E = Time spent auto-exploring this place.
 F = Levels seen in this place.
 G = Mean time per level.
                   A        B        C        D        E       F      G
               +--------+--------+--------+--------+--------+-----+--------+
         Total |    878 |    878 |      0 |    649 |      0 |   1 |  878.0 |
       Dungeon |    878 |    878 |      0 |    649 |      0 |   1 |  878.0 |
               +--------+--------+--------+--------+--------+-----+--------+

Top non-repeatable levels by time:
       D: 878 daAuts
